 Dungeon Crawl Stone Soup version 0.28.0-53-g5a82cb258f (webtiles) character file.

Game seed: 11555405615747892389

140 Diggabert the Skirmisher (level 5, -3/44 HPs)
             Began as a Palentonga Fighter on Aug 2, 2022.
             Slain by a gnoll
             ... wielding a +0 spear
              (4 damage)
             ... on level 4 of the Dungeon.
             The game lasted 00:03:36 (2372 turns).

Diggabert the Skirmisher (Palentonga Fighter)       Turns: 2372, Time: 00:03:37

Health: -3/44      AC: 11    Str: 21    XL:     5   Next: 2%
Magic:  5/5        EV:  5    Int:  9    God:
Gold:   65         SH:  9    Dex:  9    Spells: 4/4 levels left

rFire   . . .      SeeInvis +   a - +0 flail
rCold   . . .      Faith    .   c - +0 buckler
rNeg    . . .      Spirit   .   f - +0 chain mail
rPois   .          Reflect  +   (no helmet)
rElec   .          Harm     .   m - +1 cloak
rCorr   .          Rampage  .   j - +0 pair of gloves
Will    +....                   (no barding)
Stlth   ..........              p - amulet of reflection
HPRegen 0.14/turn               g - ring of willpower
MPRegen 0.09/turn               (no ring)

@: no status effects
A: large, rugged brown scales 3, see invisible, deformed body, roll 1, armoured
tail
a: Rolling Charge


You were on level 4 of the Dungeon.
You visited 1 branch of the dungeon, and saw 4 of its levels.

You collected 65 gold pieces.

Inventory:

Hand Weapons
 a - a +0 flail (weapon)
Missiles
 n - 2 poisoned darts
 r - 6 javelins
Armour
 c - a +0 buckler (worn)
 f - a +0 chain mail (worn)
 j - a +0 pair of gloves (worn)
 m - a +1 cloak (worn)
Jewellery
 g - a ring of willpower (left hand)
 p - an amulet of reflection (around neck)
Scrolls
 b - 2 scrolls of blinking {unknown}
 e - 3 scrolls of teleportation
 i - 4 scrolls of identify {unknown}
 k - a scroll of vulnerability {unknown}
 l - a scroll of silence {unknown}
 o - a scroll of noise {unknown}
 q - a scroll of enchant weapon {unknown}
 s - a scroll of immolation {unknown}
Potions
 d - a potion of might
 h - a potion of cancellation {unknown}


   Skills:
 * Level 3.7 Fighting
 * Level 3.3 Maces & Flails
 * Level 3.0 Armour
 * Level 1.0 Dodging
 * Level 2.8 Shields


You had 4 spell levels left.
You didn't know any spells.
Your spell library contained the following spells:

 Spells                   Type           Power      Damage    Failure   Level
 Pain                     Necr           0%         1d4       99%         1
 Agony                    Necr           0%         N/A       100%        5
 Excruciating Wounds      Necr           0%         N/A       100%        5


Dungeon Overview and Level Annotations

Branches:
Dungeon (4/15)
 Temple: D:4-7

Altars:


Innate Abilities, Weirdness & Mutations

You are completely covered in rugged brown scales. (AC +3, +7% HP)
You have supernaturally acute eyesight. (SInv)
Armour fits poorly on your strangely shaped body.
You can roll at nearby foes to attack.
You have a long armoured tail.


Message History

There is a broken door, spattered with blood here.
You see here a +0 whip.
You closely miss the gnoll. The gnoll hits you with a +0 flail.
You hit the gnoll but do no damage.
The gnoll hits you from afar with a +0 spear.
The gnoll hits you with a +0 flail. The gnoll completely misses you.
The gnoll hits you with a +0 flail!
You are too injured to fight recklessly!
You are too injured to fight recklessly!
You are too injured to fight recklessly!
You hit the gnoll.
The gnoll is lightly wounded.
The gnoll hits you from afar with a +0 spear.
* * * LOW HITPOINT WARNING * * *
The gnoll hits you with a +0 flail.
* * * LOW HITPOINT WARNING * * *
Unknown command.
You sock the gnoll!
You kill the gnoll!
The gnoll hits you but does no damage.
You have reached level 5!
Roll where?
Press: ? - help, Q - select action, (/) - cycle Dir - move target, f - gnoll
Aim: a gnoll, wielding a +0 spear You roll forward with a clatter of scales!
You closely miss the gnoll. The gnoll barely misses you.
Unknown command.
You hit the gnoll.
The gnoll is lightly wounded.
The gnoll hits you with a +0 spear.
* * * LOW HITPOINT WARNING * * *
You block the gnoll's attack.
You barely miss the gnoll.
The gnoll is lightly wounded.
You block the gnoll's attack.
You closely miss the gnoll.
The gnoll is lightly wounded.
The gnoll hits you with a +0 spear.
You die...

#...........#
#...........#
#.(.........#
#...........#
#...........#
#...........#
#...........#
#......g?...####
#######@#......#
#°#.####.# #/#.#
#.#.# #.#.#
#.#.# #.#.####
#.#...<#
#.######


You could see a gnoll.

Vanquished Creatures
  An orc priest (D:3)
  A hound skeleton (D:3)
  2 gnolls (D:4)
  An adder (D:2)
  A worm (D:2)
  2 dart slugs
  4 orcs (D:3)
  2 ball pythons (D:3)
  4 bats
  8 endoplasms
  5 giant cockroaches
  4 goblins
  5 hobgoblins
  6 quokkas
  3 frilled lizards
  2 kobolds (D:1)
  4 rats
55 creatures vanquished.

Notes
Turn   | Place    | Note
-------+----------+-------------------------------------------
     0 | D:1      | Diggabert the Palentonga Fighter began the quest for the
                  | Orb.
     0 | D:1      | Reached XP level 1. HP: 19/19 MP: 1/1
   118 | D:1      | Found a faded altar of an unknown god.
   150 | D:1      | Reached XP level 2. HP: 25/25 MP: 2/2
   748 | D:1      | Reached XP level 3. HP: 31/31 MP: 3/3
  1940 | D:3      | Reached XP level 4. HP: 37/37 MP: 4/4
  1949 | D:3      | Reached skill level 1 in Dodging
  2369 | D:4      | Reached XP level 5. HP: 4/44 MP: 5/5
  2370 | D:4      | HP: 1/44 [gnoll/+0 spear (3)]
  2372 | D:4      | Slain by a gnoll

Illustrated notes

Levels and vault maps discovered:
D:1:      dpeg_arrival_prison, layout_loops_cross,
          shapermc_ecumenical_altar_mp_ritualfount
D:2:      layout_loops_ring
D:3:      layout_rooms
D:4:      layout_basic, uniq_natasha

Skill      XL: |  1  2  3  4 |
---------------+-------------+-----
Maces & Flails | 3 |  3.3
Armour         | 3 |  3.0
Dodging        | 1 |  1.0
Fighting       | |  3.7
Shields        | |  2.8

Action                   |  1- 3 |  4- 6 || total
-------------------------+-------+-------++-------
Melee: Flail             |   106 |    26 ||   132
       Tailslap          |    10 |     4 ||    14
 Abil: Rolling Charge    |    28 |     6 ||    34
  Use: Scroll            |     1 |       ||     1
Armor: Scale mail        |     7 |       ||     7
       Chain mail        |    63 |     5 ||    68
Dodge: Dodged            |    22 |     5 ||    27
Block: Buckler           |    12 |     5 ||    17
